 Dungeon Crawl Stone Soup version 0.27-a0-637-g3a9f0a9c12 (webtiles) character file.

Game seed: 9593496527331919064

79662 jasper the Black Belt (level 15, -3/110 HPs)
             Began as a Demonspawn Warper on Mar 14, 2021.
             Was a High Priest of Cheibriados.
             Slain by a fire dragon (12 damage)
             ... on level 12 of the Dungeon.
             The game lasted 00:49:55 (32610 turns).

jasper the Black Belt (Demonspawn Warper)          Turns: 32610, Time: 00:49:55

Health: -3/110     AC:  8    Str: 24    XL:     15   Next: 21%
Magic:  24/24      EV: 21    Int: 35    God:    Cheibriados [*****.]
Gold:   1289       SH: 19    Dex: 29    Spells: 3/18 levels left

rFire    + . .     SeeInvis .     - Unarmed
rCold    + + .     Faith    .   O - +0 kite shield "Putush" {rElec rPois Int+4 Dex+3}
rNeg     . . .     Spirit   .   c - +0 steam dragon scales
rPois    +         Reflect  +   Q - +2 helmet
rElec    +         Harm     .   J - scarf {+Inv}
rCorr    +         Rampage  .   (gloves unavailable)
Will     +....                  (boots unavailable)
Stlth    ++++......             v - amulet of reflection
HPRegen  0.28/turn              z - ring of protection from cold
MPRegen  0.19/turn              (no ring)

@: resistant, very slow
A: claws 3, talons 3, powered by pain 2
a: Renounce Religion, Evoke Invisibility, Bend Time, Temporal Distortion,
Slouch, Step From Time


You were on level 12 of the Dungeon.
You worshipped Cheibriados.
Cheibriados was extremely pleased with you.
You visited 4 branches of the dungeon, and saw 21 of its levels.

You collected 1871 gold pieces.
You spent 582 gold pieces at shops.

Inventory:

Hand Weapons
 a - a +1 falchion
 k - a +0 hunting sling
Missiles
 e - 8 boomerangs of dispersal
 j - 119 sling bullets
 n - 8 curare-tipped darts
 q - 7 silver javelins
 r - 44 poisoned darts
 x - 15 boomerangs (quivered)
 D - 7 silver boomerangs
Armour
 c - +0 steam dragon scales (worn)
 f - a +2 hat
 J - a scarf of invisibility (worn)
 K - a +2 pair of boots
 O - the +0 kite shield "Putush" (worn) {rElec rPois Int+4 Dex+3}
   (You bought it in a shop on level 2 of the Orcish Mines)

   It affects your intelligence (+4).
   It affects your dexterity (+3).
   It insulates you from electricity.
   It protects you from poison.
 P - the +10 tower shield of Ignorance {rN+ Int-4}
   (You found it on level 6 of the Lair of Beasts)

   It affects your intelligence (-4).
   It protects you from negative energy.
 Q - a +2 helmet (worn)
Jewellery
 v - an amulet of reflection (around neck)
 z - a ring of protection from cold (right claw)
Wands
 b - a wand of flame (11)
 m - a wand of acid (8)
 o - a wand of digging (4)
 p - a wand of paralysis (6)
 y - a wand of charming (9)
 C - a wand of iceblast (4)
 G - a wand of polymorph (4)
Scrolls
 d - 5 scrolls of blinking
 u - a scroll of fog
 B - 7 scrolls of teleportation
 F - 3 scrolls of amnesia
 I - 4 scrolls of enchant weapon
 M - 3 scrolls of identify
 N - 4 scrolls of immolation
Potions
 g - a potion of degeneration
 h - 2 potions of ambrosia
 l - 2 potions of brilliance
 s - 7 potions of curing
 t - 5 potions of flight
 w - 2 potions of resistance
 A - a potion of magic
 E - 2 potions of mutation
 H - 2 potions of attraction


   Skills:
 - Level 8.0 Fighting
 - Level 2.5 Long Blades
 - Level 0.8 Throwing
 - Level 0.8 Armour
 + Level 9.6 Dodging
 - Level 4.6 Stealth
 + Level 10.8 Shields
 * Level 15.2 Unarmed Combat
 - Level 2.0 Spellcasting
 - Level 4.0 Hexes
 - Level 5.0 Translocations
 - Level 12.8 Invocations


You had 3 spell levels left.
You knew the following spells:

 Your Spells              Type           Power      Damage    Failure   Level
a - Blink                 Tloc           N/A        N/A       1%          2
b - Gell's Gravitas       Tloc           19%        N/A       3%          3
c - Lesser Beckoning      Tloc           19%        N/A       3%          3
d - Apportation           Tloc           76%        N/A       1%          1
e - Teleport Other        Tloc           38%        N/A       3%          3
f - Tukima's Dance        Hex            31%        N/A       5%          3

Your spell library contained the following spells:

 Spells                   Type           Power      Damage    Failure   Level
 Summon Small Mammal      Summ           12%        N/A       10%         1
 Summon Guardian Golem    Hex/Summ       17%        N/A       12%         3
 Call Imp                 Summ           3%         N/A       14%         2
 Call Canine Familiar     Summ           3%         N/A       28%         3
 Manifold Assault         Tloc           38%        N/A       12%         4
 Summon Ice Beast         Ice/Summ       3%         N/A       67%         4
 Summon Lightning Spire   Summ/Air       3%         N/A       67%         4
 Alistair's Intoxication  Tmut/Pois      2%         N/A       95%         5
 Invisibility             Hex            31%        N/A       95%         6


Dungeon Overview and Level Annotations

Branches:
Dungeon (12/15)            Temple (1/1) D:4            Lair (6/6) D:10
  Swamp (0/4) Lair:4       Spider (0/4) Lair:4        Slime (0/5) Lair:6
    Orc (2/2) D:11            Elf (0/3) Orc:2

Altars:
Ashenzari
Cheibriados
Dithmenos
Elyvilon
Fedhas
Gozag
Hepliaklqana
Kikubaaqudgha
Makhleb
Nemelex Xobeh
Okawaru
Qazlal
Ru
Sif Muna
Trog
Uskayaw
Vehumet
Wu Jian
Xom
Yredelemnul
Zin
The Shining One
Jiyva

Shops:
D:9 :   D:12 ?   Orc:2 [(=

Annotations:
D:5 Menkaure
D:6 5 runed translucent doors
D:11 exclusion: ice statue
Lair:2 exclusion: 2 hydras
Lair:3 exclusion: 3 doors
Lair:4 2 transporters


Innate Abilities, Weirdness & Mutations

You have claws for hands.
You have claws for feet.
You sometimes gain power by taking damage.


Message History

Casting: Tukima's Dance (mildly dangerous; 5% risk of failure)
Confirm with . or Enter, or press ? or * to list all spells.
Aiming: Tukima's Dance (mildly dangerous; 5% risk of failure)
Press: ? - help, Shift-Dir - straight line, f/p - fire giant
Aim: a fire giant, wielding a +2 great sword of flaming (chance to affect: 21%)
The fire giant resists with almost no effort.
The fire giant casts a spell at you. The bolt of fire hits you! You resist.
You hear a deafening roar!
You take 10 damage, and have 44/110 hp.
You now have 18/24 mp.
Casting: Tukima's Dance (mildly dangerous; 5% risk of failure)
Confirm with . or Enter, or press ? or * to list all spells.
Aiming: Tukima's Dance (mildly dangerous; 5% risk of failure)
Press: ? - help, Shift-Dir - straight line, f/p - fire giant
Aim: a fire giant, wielding a +2 great sword of flaming (chance to affect: 21%)
The +2 great sword of flaming dances into the air!
A fire dragon comes into view.
You now have 15/24 mp.
The fire giant gestures at you while chanting.
The bolt of fire hits you!! You resist.
* * * LOW HITPOINT WARNING * * *
You focus on the pain.
You feel your power returning.
Your +2 great sword of flaming hits the fire giant!
You take 23 damage, and have 21/110 hp.
MASSIVE DAMAGE!!
MP restored: 24 You scratch the fire giant.
You claw the fire giant.
The fire giant is lightly wounded.
You block the fire giant's attack. You block the fire dragon's attack.
The fire dragon barely misses you. You block the fire dragon's attack.
A manticore comes into view.
You feel better. You block the fire giant's attack. The fire dragon bites you!
* * * LOW HITPOINT WARNING * * *
The fire dragon claws you but does no damage.
The fire dragon closely misses you.
You take 5 damage, and have 16/110 hp.
You feel better. The fire giant hits you!!
* * * LOW HITPOINT WARNING * * *
Your +2 great sword of flaming hits the fire giant but does no damage.
The fire dragon bites you!
You die...

# #..#.#....##.# .
#..#.#..#.##.##### .
#..#.#...........# ##
##.#..#.#...........# .##
##..#.(#.#...........# ..##
##...#(.#.#...........# ...#..#
##....#.(#.....†.......# .......
......(..#.............#
##############.C@.#.............#
................D.#.†.##.########
.................H#...##.##
##################...###..#
......)..............# ##.#
#...........#........# #.#
#..............##.#.## #.##
#...........#.###...# #..#
##..........#.##...######.##


You could see a fire giant (ally target), a fire dragon, a manticore and a
friendly +2 great sword of flaming.

Vanquished Creatures
  Gastronok (Lair:2)
  A storm dragon (D:12)
  An orc warlord (Orc:1)
  A yaktaur captain (D:12)
  2 boulder beetles
  7 hydras
  5 catoblepae
  2 two-headed ogres
  2 tengu warriors (D:11)
  16 death yaks
  6 orc high priests
  Sonja (D:12)
  An unseen horror (D:12)
  A bog body (Lair:4)
  A deep elf archer (D:12)
  2 lindwurms
  4 orc sorcerers
  4 orc knights
  2 manticores (Lair:6)
  4 elephants (Lair:4)
  A cyclops (D:11)
  6 black mambas
  A centaur zombie (D:10)
  2 torpor snails
  13 cane toads
  Maggie (D:7)
  A gargoyle (D:10)
  A kobold demonologist (D:11)
  8 komodo dragons
  4 rime drakes
  2 jumping spiders (Lair:4)
  6 polar bears
  Prince Ribbit (D:8)
  5 trolls
  A slime creature (D:12)
  18 blink frogs
  A hornet (D:11)
  A redback (Lair:4)
  3 wyverns
  57 yaks
  3 fire bats (Lair:3)
  A basilisk (D:12)
  3 wargs (Orc:1)
  An acid dragon (D:12)
  16 water moccasins
  2 black bears
  33 orc warriors
  6 sky beasts
  5 ice beasts
  A necrophage (D:9)
  14 ogres
  8 centaurs
  11 wolves
  3 phantoms
  3 kobold brigands
  18 bullfrogs
  4 scorpions
  8 killer bees (D:9)
  8 wights
  5 howler monkeys
  A lava snake (Lair:3)
  2 electric eels (D:6)
  17 orc priests
  6 hounds
  3 jellies
  A centaur skeleton (D:12)
  A gnoll shaman (D:7)
  3 iguanas
  2 bullfrog skeletons
  5 worker ants
  Natasha (thrice) (D:2)
  32 orc wizards
  4 hell rats (Lair:6)
  A killer bee zombie (D:3)
  A hound zombie (D:7)
  7 gnolls
  11 adders
  A shadow imp (D:9)
  2 white imps
  An ufetubus (D:10)
  3 oozes
  An adder zombie (D:8)
  2 adder skeletons
  4 worms
  2 dart slugs
  2 leopard geckos
  84 orcs
  5 bats
  5 giant cockroaches
  9 goblins
  4 hobgoblins
  6 jackals
  7 quokkas
  5 frilled lizards
  A jackal zombie (D:7)
  15 kobolds
  3 quokka skeletons
  10 rats
622 creatures vanquished.

Vanquished Creatures (others)
  A kobold brigand (D:11)
  A white imp (D:10)
  An orc (Orc:2)
  14 fungi
  47 plants
64 creatures vanquished.

Grand Total: 686 creatures vanquished

Notes
Turn   | Place    | Note
-------+----------+-------------------------------------------
     0 | D:1      | jasper the Demonspawn Warper began the quest for the Orb.
     0 | D:1      | Reached XP level 1. HP: 16/16 MP: 3/3
   145 | D:1      | Gained mutation: You have sharp toenails. [demonic
                  | ancestry]
   145 | D:1      | Reached XP level 2. HP: 21/22 MP: 5/5
   698 | D:1      | Reached skill level 1 in Unarmed Combat
  1347 | D:2      | Noticed Natasha
  1353 | D:2      | Killed Natasha
  1354 | D:2      | Reached skill level 2 in Unarmed Combat
  1354 | D:2      | Gained mutation: You have sharp fingernails. [demonic
                  | ancestry]
  1354 | D:2      | Reached XP level 3. HP: 27/27 MP: 6/6
  1720 | D:2      | Noticed Natasha
  1728 | D:2      | Killed Natasha
  1729 | D:2      | Reached skill level 3 in Unarmed Combat
  1729 | D:2      | Reached XP level 4. HP: 33/33 MP: 7/7
  1754 | D:2      | Noticed Natasha
  1757 | D:2      | Killed Natasha
  2435 | D:3      | Reached XP level 5. HP: 38/38 MP: 8/8
  2452 | D:3      | Reached skill level 4 in Unarmed Combat
  3384 | D:4      | Found a staircase to the Ecumenical Temple.
  3434 | Temple   | Entered the Ecumenical Temple
  3550 | Temple   | Became a worshipper of Cheibriados the Contemplative
  3554 | Temple   | Learned a level 2 spell: Blink
  3558 | Temple   | Learned a level 3 spell: Gell's Gravitas
  3562 | Temple   | Learned a level 3 spell: Lesser Beckoning
  4079 | D:4      | Identified the +4 ring mail "Tiocogi" {rN+}
  4295 | D:4      | Reached skill level 1 in Invocations
  4388 | D:4      | Gained mutation: You have very sharp fingernails. [demonic
                  | ancestry]
  4388 | D:4      | Reached XP level 6. HP: 28/44 MP: 9/9
  4779 | D:4      | Reached skill level 1 in Shields
  4781 | D:4      | Reached * piety under Cheibriados
  4983 | D:5      | Entered Level 5 of the Dungeon
  5001 | D:5      | Noticed Menkaure
  5041 | D:5      | Reached skill level 5 in Unarmed Combat
  5135 | D:6      | Noticed a water moccasin
  5149 | D:6      | Killed a water moccasin
  5150 | D:6      | Gained mutation: You sometimes gain a little power by
                  | taking damage. [demonic ancestry]
  5150 | D:6      | Reached XP level 7. HP: 27/51 MP: 10/10
  5782 | D:6      | Found a runed translucent door.
  5788 | D:6      | Found a runed translucent gate.
  5792 | D:6      | Found a runed translucent gate.
  5792 | D:6      | Found a runed translucent gate.
  5906 | D:6      | Found a runed translucent door.
  5916 | D:6      | Found the +9 staff of Olgreb {rPois∞}
  6409 | D:6      | Reached XP level 8. HP: 46/58 MP: 11/11
  7090 | D:7      | Reached skill level 6 in Unarmed Combat
  7102 | D:7      | Reached ** piety under Cheibriados
  7170 | D:7      | Noticed Maggie
  7191 | D:7      | Killed Maggie
  7192 | D:7      | Reached skill level 7 in Unarmed Combat
  7296 | D:7      | Reached XP level 9. HP: 66/66 MP: 12/12
  7557 | D:7      | Reached skill level 5 in Fighting
  7557 | D:7      | Reached skill level 5 in Translocations
  7786 | D:8      | Reached *** piety under Cheibriados
  7889 | D:8      | Learned a level 1 spell: Apportation
  8009 | D:8      | Found an iron altar of Okawaru.
  8065 | D:8      | Noticed Prince Ribbit
  8072 | D:8      | Killed Prince Ribbit
  8776 | D:9      | Reached skill level 8 in Unarmed Combat
  8972 | D:9      | Reached **** piety under Cheibriados
  8990 | D:9      | Reached skill level 5 in Invocations
  9108 | D:9      | Reached skill level 5 in Shields
  9157 | D:9      | Reached XP level 10. HP: 22/76 MP: 14/14
  9435 | D:9      | Found Osycouta's Book Shoppe.
  9692 | D:9      | Noticed a two-headed ogre
  9703 | D:9      | Killed a two-headed ogre
  9703 | D:9      | Reached ***** piety under Cheibriados
  9704 | D:9      | Reached skill level 9 in Unarmed Combat
 10378 | D:10     | Entered Level 10 of the Dungeon
 10710 | D:10     | Found a staircase to the Lair.
 10803 | D:10     | Noticed a gargoyle
 10819 | D:10     | Killed a gargoyle
 11748 | D:11     | Reached skill level 10 in Invocations
 11897 | D:11     | Paralysed by a hornet for 2 turns
 12717 | D:11     | Noticed a cyclops
 12733 | D:11     | Killed a cyclops
 12734 | D:11     | Gained mutation: You have razor-sharp toenails. [demonic
                  | ancestry]
 12734 | D:11     | Reached XP level 11. HP: 62/83 MP: 19/19
 12735 | D:11     | Noticed a tengu warrior
 12736 | D:11     | Noticed a tengu warrior
 12742 | D:11     | Killed a tengu warrior
 12742 | D:11     | Killed a tengu warrior
 12973 | D:11     | Found a staircase to the Orcish Mines.
 13695 | D:12     | Identified the +0 leather armour of Bezen {rElec rC+}
 13813 | D:12     | Found Wingeuwno's Magic Scroll Shoppe.
 13818 | D:12     | Noticed Sonja
 13821 | D:12     | Killed Sonja
 13929 | D:12     | Bought a scroll of teleportation for 54 gold pieces
 13929 | D:12     | Bought a scroll of fear for 63 gold pieces
 13929 | D:12     | Bought a scroll of identify for 36 gold pieces
 13929 | D:12     | Bought a scroll of identify for 36 gold pieces
 13929 | D:12     | Bought 3 scrolls of identify for 108 gold pieces
 14195 | D:12     | Noticed a two-headed ogre
 14212 | D:12     | Killed a two-headed ogre
 14356 | D:12     | Reached skill level 10 in Unarmed Combat
 14397 | D:12     | Noticed a deep elf archer
 14404 | D:12     | Noticed a yaktaur captain
 14414 | D:12     | Killed a deep elf archer
 14415 | D:12     | Killed a yaktaur captain
 14438 | D:12     | Noticed a storm dragon
 14439 | D:12     | Noticed a fire giant
 14731 | Lair:1   | Entered Level 1 of the Lair of Beasts
 14911 | Lair:1   | Found a hide-covered altar of Uskayaw.
 14911 | Lair:1   | Noticed a boulder beetle
 14976 | Lair:1   | Learned a level 3 spell: Teleport Other
 15206 | Lair:1   | Found an ornate altar of the Wu Jian Council.
 15225 | Lair:1   | Killed a boulder beetle
 15226 | Lair:1   | Gained mutation: You have claws for hands. [demonic
                  | ancestry]
 15226 | Lair:1   | Reached XP level 12. HP: 81/92 MP: 21/21
 15310 | Lair:1   | Noticed a seven-headed hydra
 16127 | Lair:2   | Reached skill level 11 in Unarmed Combat
 16128 | Lair:2   | Reached ****** piety under Cheibriados
 16644 | Lair:2   | Noticed a four-headed hydra
 16787 | Lair:2   | Reached skill level 5 in Dodging
 17115 | Lair:2   | Noticed a seven-headed hydra
 17271 | Lair:2   | Noticed Gastronok
 17289 | Lair:2   | Killed Gastronok
 17290 | Lair:2   | Reached skill level 1 in Stealth
 17543 | Orc:1    | Entered Level 1 of the Orcish Mines
 18272 | Orc:1    | Noticed an orc high priest
 18294 | Orc:1    | Killed an orc high priest
 18688 | Orc:2    | Entered Level 2 of the Orcish Mines
 18688 | Orc:2    | Noticed an orc high priest
 19411 | Orc:1    | Killed an orc high priest
 19412 | Orc:1    | Reached skill level 12 in Unarmed Combat
 19788 | Orc:2    | Gained mutation: You sometimes gain power by taking damage.
                  | [demonic ancestry]
 19788 | Orc:2    | Reached XP level 13. HP: 97/97 MP: 22/22
 19999 | Orc:2    | Found a staircase to the Elven Halls.
 22703 | Orc:2    | Noticed an orc warlord
 22711 | Orc:1    | Learned a level 3 spell: Tukima's Dance
 22738 | Orc:1    | Killed an orc warlord
 23155 | Orc:2    | Reached skill level 1 in Hexes
 23183 | Orc:2    | Found Zeesa's General Store.
 23184 | Orc:2    | Found Wophinua's Jewellery Shop.
 23194 | Orc:2    | Found Joallaox's Antique Armour Boutique.
 23194 | Orc:2    | Found Bootet's Antique Weapon Boutique.
 23416 | Orc:2    | Bought an ichor-stained kite shield for 285 gold pieces
 23416 | Orc:2    | Identified the +0 kite shield "Putush" {rElec rPois Int+4
                  | Dex+3} (You bought it in a shop on level 2 of the Orcish
                  | Mines)
 23485 | Orc:2    | Found a burning altar of Makhleb.
 24524 | Lair:3   | Reached skill level 13 in Unarmed Combat
 26015 | Lair:4   | Found a staircase to the Swamp.
 26156 | Lair:4   | You fall into a shaft and drop 1 floor!
 26178 | Lair:5   | Gained mutation: You have claws for feet. [demonic
                  | ancestry]
 26178 | Lair:5   | Reached XP level 14. HP: 101/105 MP: 23/23
 26323 | Lair:4   | Found a transporter.
 26351 | Lair:4   | Found a transporter.
 26357 | Lair:4   | Identified the +5 dagger of the Endless Queens {distort,
                  | Will+}
 27170 | Lair:4   | Found a hole to the Spider Nest.
 28593 | Lair:5   | Reached skill level 14 in Unarmed Combat
 28711 | Lair:6   | Entered Level 6 of the Lair of Beasts
 29067 | Lair:5   | Reached skill level 10 in Shields
 30004 | Lair:6   | Found the +10 tower shield of Ignorance {rN+ Int-4}
 30840 | Lair:6   | Reached XP level 15. HP: 69/110 MP: 24/24
 31306 | Lair:6   | Reached skill level 15 in Unarmed Combat
 32103 | Lair:6   | Found a viscous altar of Jiyva.
 32104 | Lair:6   | Found a staircase to the Slime Pits.
 32447 | D:12     | Killed a storm dragon
 32610 | D:12     | Slain by a fire dragon

Illustrated notes

Levels and vault maps discovered:
D:1:      dpeg_arrival_shrine, layout_basic
D:2:      layout_loops_ring, minmay_strange_pillars, minmay_octomino_e4,
          uniq_natasha
D:3:      layout_rooms, hangedman_abyss_or_decor_lesser_grid
D:4:      layout_loops_corners, minmay_temple_entry_glassed_door
D:5:      layout_loops_cross, basic_altar, nemelex_spade_bored_becter,
          uniq_menkaure, uniq_edmund
D:6:      layout_loops_ring, chequers_big_river,
          minmay_guarded_unrand_staff_of_olgreb
D:7:      layout_rooms, minmay_increasing_density, uniq_maggie
D:8:      layout_basic, chequers_serial_rivers_micro_a, minmay_misc_feat_rows,
          okawaru_gym_becter, uniq_prince_ribbit1
D:9:      layout_basic, serial_shops, shop
D:10:     layout_irregular_city, lair_entry_dummy
D:11:     minmay_statue_hallways, layout_stronghold, orc_0_dummy
D:12:     minmay_containers, layout_rooms, serial_shops, shop, uniq_sonja
Temple:   kilobyte_greek_temple
Lair:1:   layout_loops_ring, nzn_masters_of_martial_movement
Lair:2:   layout_hall_layers, uniq_gastronok
Lair:3:   layout_gridlike, zaba_antful_of_joy, grunt_megastairs_3
Lair:4:   layout_small_grid, skrybe_swamp_entry_bodies,
          spider_nest_entry_funnel_web, gammafunk_ghost_abyssal_escape,
          chequers_serial_rivers_room_a, nicolae_lair_yak_garden
Lair:5:   layout_small_grid, nicolae_lair_grove_arrangements,
          chequers_serial_rivers_micro_b
Lair:6:   evilmike_catoblepas_cave, layout_gridlike,
          dpeg_slime_entry_enclosed_altar, serial_bayou_shore_a
Orc:1:    layout_caves
Orc:2:    st_orc_congregation, layout_caves, basic_altar

Skill      XL: |  1  2  3  4  5  6  7  8  9 10 11 12 13 14 15 |
---------------+----------------------------------------------+-----
Long Blades    | 2 |  2.5
Unarmed Combat | 2 3 4 5 7 8 9 10 12 13 14 15 | 15.2
Invocations    | 1 2 3 5 11 12 | 12.8
Shields        | 1 2 3 5 6 8 9 10 | 10.8
Translocations | 3 4 5 |  5.0
Fighting       | 3 4 6 7 8 |  8.0
Dodging        | 4 6 7 9 |  9.6
Stealth        | 3 4 |  4.6
Hexes          | 3 4 |  4.0
Throwing       | |  0.8
Armour         | |  0.8
Spellcasting   | |  2.0

Action                   |  1- 3 |  4- 6 |  7- 9 | 10-12 | 13-15 || total
-------------------------+-------+-------+-------+-------+-------++-------
Melee: Falchion          |    40 |       |       |       |       ||    40
       Kick              |    10 |    22 |       |       |   226 ||   258
       Unarmed           |    24 |   175 |   295 |   667 |   754 ||  1915
Throw: Dart              |     8 |    47 |    19 |     4 |       ||    78
       Boomerang         |       |       |    41 |   181 |   251 ||   473
 Cast: Blink             |       |       |     3 |    13 |     3 ||    19
       Lesser Beckoning  |       |       |       |     2 |     4 ||     6
       Teleport Other    |       |       |       |     4 |     2 ||     6
       Gell's Gravitas   |       |       |       |     1 |     3 ||     4
       Tukima's Dance    |       |       |       |       |     6 ||     6
Invok: Slouch            |       |       |       |     6 |    16 ||    22
Evoke: Wand              |       |       |       |    19 |    24 ||    43
  Use: Scroll            |       |       |    16 |    10 |     4 ||    30
       Potion            |       |       |     8 |     8 |     9 ||    25
 Stab: Invisible         |       |       |     9 |     4 |     5 ||    18
       Sleeping          |       |       |       |     2 |     6 ||     8
       Paralysed         |       |       |       |       |     7 ||     7
       Petrified         |       |       |       |       |     1 ||     1
Armor: Leather armour    |    22 |    24 |       |       |       ||    46
       Ring mail         |       |    32 |    21 |       |       ||    53
       Steam dragon scal |       |       |    47 |   109 |    88 ||   244
Dodge: Dodged            |    49 |    51 |    78 |   176 |   342 ||   696
Block: Kite shield       |     1 |    92 |   212 |   640 |   673 ||  1618
       Reflection        |       |       |     1 |    44 |    13 ||    58
       Rpst.: Falchion   |    11 |       |       |       |       ||    11

Table legend: (Time is in decaauts)
 A = Elapsed time spent in this place.
 B = Non-inter-level travel time spent in this place.
 C = Inter-level travel time spent in this place.
 D = Time resting spent in this place.
 E = Time spent auto-exploring this place.
 F = Levels seen in this place.
 G = Mean time per level.
                   A        B        C        D        E       F      G
               +--------+--------+--------+--------+--------+-----+--------+
         Total |  41496 |  39878 |   1618 |  10696 |  23357 |  21 | 1976.0 |
       Dungeon |  18928 |  18007 |    921 |   2432 |  12951 |  12 | 1577.3 |
        Temple |    175 |    150 |     25 |      0 |    131 |   1 |  175.0 |
          Lair |  15488 |  14947 |    541 |   3946 |   9072 |   6 | 2581.3 |
  Orcish Mines |   6903 |   6774 |    129 |   4317 |   1201 |   2 | 3451.5 |
               +--------+--------+--------+--------+--------+-----+--------+

Top non-repeatable levels by time:
   Orc:1: 4523 daAuts
  Lair:6: 3825 daAuts
  Lair:2: 3166 daAuts
    D:11: 3041 daAuts
     D:6: 2534 daAuts
  Lair:3: 2407 daAuts
   Orc:2: 2380 daAuts
  Lair:5: 2205 daAuts
     D:9: 2116 daAuts
  Lair:4: 2095 daAuts
    D:10: 2083 daAuts
     D:4: 1862 daAuts
  Lair:1: 1787 daAuts
     D:8: 1541 daAuts
    D:12: 1460 daAuts
